 Dungeon Crawl Stone Soup version 0.31-a0-609-g7bf6ffcfed (webtiles) character file.

Game seed: 9800828998889533393

1202 javelincjr the Sneak (level 8, 0/46 HPs)
             Began as an Octopode Conjurer on Aug 21, 2023.
             Was a Follower of Vehumet.
             Slain by a gnoll sergeant
             ... wielding a +0 trident
              (11 damage)
             ... on level 5 of the Dungeon.
             The game lasted 00:24:19 (5247 turns).

javelincjr the Sneak (Octopode Conjurer)            Turns: 5247, Time: 00:24:20

Health: 0/46       AC:  1    Str:  6    XL:     8   Next: 44%
Magic:  8/24       EV: 13    Int: 23    God:    Vehumet [*.....]
Gold:   232        SH:  3    Dex: 10    Spells: 9/16 levels left

rFire   . . .        n - staff of poison
rCold   . . .        q - +0 buckler
rNeg    + . .        (helmet restricted)
rPois   +            (no amulet)
rElec   .            h - ring of magical power
rCorr   .            i - ring of positive energy
SInv    .            (no ring)
Will    .....        (no ring)
Stlth   ++++         (no ring)
HPRegen 0.27/turn    (no ring)
MPRegen 0.19/turn    (no ring)
                     (no ring)

%: no passive effects
@: very slightly contaminated
A: almost no armour, amphibious, 8 rings, camouflage 1, gelatinous body 1,
(nimble swimmer 1), tentacles
a: Renounce Religion


You were on level 5 of the Dungeon.
You worshipped Vehumet.
Vehumet was aware of your devotion.
You visited 2 branches of the dungeon, and saw 6 of its levels.
You also visited: Sewer.

You collected 232 gold pieces.

Inventory:

Armour
 q - a +0 buckler (worn)
Magical Staves
 n - a staff of poison (weapon)
Jewellery
 h - a ring of magical power (left tentacle)
 i - a ring of positive energy (right tentacle)
Wands
 o - a wand of flame (9)
 p - a wand of iceblast (10)
Scrolls
 b - 3 scrolls of fear
 d - 2 scrolls of teleportation {unknown}
 g - a scroll of enchant armour {unknown}
 k - 4 scrolls of enchant weapon {unknown}
 m - a scroll of identify {unknown}
 r - 2 scrolls of blinking
 s - a scroll of revelation
Potions
 a - 2 potions of magic
 c - 2 potions of mutation {unknown}
 e - 4 potions of curing {unknown}
 f - a potion of attraction {unknown}
 j - a potion of haste {unknown}
 l - a potion of enlightenment {unknown}
 t - 2 potions of brilliance {unknown}


   Skills:
 + Level 5.2 Dodging
 + Level 7.5 Stealth
 + Level 0.0 Shields
 + Level 4.8 Spellcasting
 + Level 6.3 Conjurations
 + Level 0.0 Fire Magic


You had 9 spell levels left.
You knew the following spells:

 Your Spells              Type           Power      Damage    Failure   Level
a - Magic Dart            Conj           100%       1d8       1%          1
b - Searing Ray           Conj           68%        2d6       1%          2
c - Dazzling Flash        Conj/Hex       40%        N/A       14%         3
d - Foxfire               Conj/Fire      80%        2x1d8     4%          1

Your spell library contained the following spells:

 Spells                   Type           Power      Damage    Failure   Level
 Cigotuvi's Dreadful Rot  Necr/Pois/Air  16%        N/A       26%         2
 Ensorcelled Hibernation  Hex/Ice        10%        N/A       26%         2
 Passwall                 Tmut/Erth      4%         N/A       26%         2
 Fulminant Prism          Conj/Hex       10%        3d8       43%         4
 Iskenderun's Mystic Bla  Conj/Tloc      20%        2d6       43%         4
 Swiftness                Air            5%         N/A       45%         3
 Dispel Undead            Necr           5%         3d7       86%         4
 Death Channel            Necr           2%         N/A       100%        6


Dungeon Overview and Level Annotations

Branches:
Dungeon (5/15)             Temple (1/1) D:4           Sewer (visited)

Altars:
Ashenzari
Cheibriados
Dithmenos
Fedhas
Gozag
Hepliaklqana
Kikubaaqudgha
Makhleb
Nemelex Xobeh
Okawaru
Qazlal
Sif Muna
Trog
Uskayaw
Vehumet
Wu Jian
Xom
Yredelemnul
Zin
The Shining One

Shops:
D:1 *   D:3 [   D:5 !


Innate Abilities, Weirdness & Mutations

You cannot wear most types of armour.
You are amphibious.
You can wear up to eight rings at the same time.
Your skin changes colour to match your surroundings (Stealth+).
Your rubbery body absorbs attacks. (AC +1, EV +1)
((You are camouflaged when in or above water. (Stealth+)))
You have tentacles for arms and can constrict up to eight enemies at once.


Message History

The gnoll sergeant shouts!
You conjure some foxfire!
The foxfire hits the gnoll sergeant but does no damage. x2
You conjure some foxfire!
The foxfire hits the gnoll sergeant but does no damage. x2
You miscast Foxfire.
You are very lightly contaminated with residual magic.
Nothing appears to happen.
The foxfire hits the gnoll sergeant but does no damage. x2
Casting: Foxfire (safe; 4% risk of failure)
Confirm with . or Enter, or press ? or * to list all spells.
Aiming: Searing Ray (safe; 1% risk of failure)
Press: ? - help, Shift-Dir - straight line, f - gnoll sergeant
Aim: a gnoll sergeant, wielding a +0 trident and wearing a +0 scale mail (86% to hit)
The searing ray hits the gnoll sergeant.
The gnoll sergeant is lightly wounded. (Press . to maintain the ray.)
The searing ray hits the gnoll sergeant!
The gnoll sergeant is moderately wounded.
The gnoll sergeant hits you from afar with a +0 trident!
The searing ray hits the gnoll sergeant but does no damage.
The gnoll sergeant is moderately wounded.
The gnoll sergeant hits you from afar with a +0 trident.
The searing ray hits the gnoll sergeant!
The gnoll sergeant is severely wounded.
You finish channelling your searing ray.
The gnoll sergeant hits you from afar with a +0 trident.
Casting: Searing Ray (safe; 1% risk of failure)
Confirm with . or Enter, or press ? or * to list all spells.
Aiming: Searing Ray (safe; 1% risk of failure)
Press: ? - help, Shift-Dir - straight line, f/p - gnoll sergeant
Aim: a gnoll sergeant, wielding a +0 trident and wearing a +0 scale mail (severely wounded, 86% to hit)
The searing ray hits the gnoll sergeant.
The gnoll sergeant is severely wounded. (Press . to maintain the ray.)
The gnoll sergeant hits you from afar with a +0 trident!
* * * LOW HITPOINT WARNING * * *
The searing ray misses the gnoll sergeant.
The gnoll sergeant hits you from afar with a +0 trident!
You die...

#..##
####.######.##.##..
#.##
#...........##.##..
########.#
#.##...#######.##..
....>....#
#.#.(#'## #.####
####.#####
#...##..## #.....
#...# #.###....#
###### ###.#
#####....+ #.#
##..##..## #.####
#.@..'### #....#
#.†..## ####.#
##g.## #.# #)## #.#
#.)# #.# #....,
#.## #[...#
#..####..#+
##...#####


You could see a gnoll sergeant.

Vanquished Creatures
  A steam dragon (D:5)
  Pargi (Sewer)
  An ice beast (D:3)
  A phantom (D:5)
  4 scorpions
  2 hounds (D:5)
  3 jellies (D:5)
  Jessica (D:2)
  3 iguanas (D:5)
  Natasha (thrice) (D:3)
  2 orc wizards (D:4)
  4 gnolls (D:3)
  6 adders
  A river rat (D:4)
  A worm (D:5)
  2 dart slugs
  7 orcs
  17 ball pythons
  3 endoplasms
  3 giant cockroaches
  7 goblins
  4 hobgoblins
  7 jackals
  2 kobolds
  2 quokkas
  3 bats
  7 frilled lizards
  4 rats
102 creatures vanquished.

Vanquished Creatures (others)
  A quokka (D:5)
  33 foxfires (D:5)
34 creatures vanquished.

Grand Total: 136 creatures vanquished

Notes
Turn   | Place    | Note
-------+----------+-------------------------------------------
     0 | D:1      | javelincjr the Octopode Conjurer began the quest for the
                  | Orb.
     0 | D:1      | Reached XP level 1. HP: 11/11 MP: 3/3
    42 | D:1      | Found a faded altar of an unknown god.
    63 | D:1      | Found Tymot's General Store.
   336 | D:1      | Reached skill level 3 in Stealth
   365 | D:1      | Reached XP level 2. HP: 17/17 MP: 3/5
  1165 | D:2      | Noticed Jessica
  1168 | D:2      | Killed Jessica
  1169 | D:2      | Reached XP level 3. HP: 21/21 MP: 2/6
  1523 | D:2      | Reached XP level 4. HP: 27/27 MP: 7/7
  1679 | D:3      | Noticed an ice beast
  1685 | D:3      | Learned a level 2 spell: Searing Ray
  1751 | D:3      | Killed an ice beast
  1752 | D:3      | Reached skill level 4 in Stealth
  1752 | D:3      | Reached XP level 5. HP: 31/31 MP: 7/9
  1850 | D:3      | Found Itioh's Armour Boutique.
  1870 | D:3      | Noticed Natasha
  1877 | D:3      | Killed Natasha
  1879 | D:3      | Noticed Natasha
  1883 | D:3      | Killed Natasha
  1961 | D:3      | Noticed Natasha
  1963 | D:3      | Reached XP level 6. HP: 36/36 MP: 10/10
  1966 | D:3      | Killed Natasha
  1967 | D:3      | Reached skill level 5 in Stealth
  1975 | D:3      | Reached skill level 5 in Conjurations
  2672 | D:4      | Noticed a shadow
  2722 | D:4      | Found a glowing drain.
  2742 | Sewer    | Entered a sewer
  2819 | Sewer    | Noticed Pargi
  2825 | Sewer    | Learned a level 3 spell: Dazzling Flash
  3071 | Sewer    | Killed Pargi
  3072 | Sewer    | Reached XP level 7. HP: 41/41 MP: 9/12
  3343 | D:4      | Found a staircase to the Ecumenical Temple.
  3366 | Temple   | Entered the Ecumenical Temple
  3441 | Temple   | Became a worshipper of Vehumet
  3531 | D:4      | Reached skill level 6 in Stealth
  3835 | D:4      | Found a shadowy altar of Dithmenos.
  3835 | D:4      | Found a hazy altar of Hepliaklqana.
  3998 | D:4      | Found a glowing golden altar of the Shining One.
  4145 | D:5      | Entered Level 5 of the Dungeon
  4680 | D:5      | Reached XP level 8. HP: 46/46 MP: 14/14
  4773 | D:5      | Reached skill level 7 in Stealth
  4821 | D:5      | Found Uwneug's Distillery.
  5108 | D:5      | Reached * piety under Vehumet
  5108 | D:5      | Offered knowledge of Foxfire by Vehumet.
  5109 | D:5      | Reached skill level 5 in Dodging
  5115 | D:5      | Learned a level 1 spell: Foxfire
  5247 | D:5      | Slain by a gnoll sergeant

Illustrated notes

Levels and vault maps discovered:
D:1:      sevenhm_arrival_forest_fort_small_3, layout_loops_ring,
          ebering_ecumenical_altar_abandoned, serial_shops, shop
D:2:      layout_basic, uniq_jessica
D:3:      layout_rooms, serial_shops, shop, st_stairs_14, uniq_natasha
D:4:      layout_cave_pods, tso_altar, riverfiend_overflow_shadow_ancestor,
          minmay_temple_entry_overgrown, cheibrodos_sewer_entry_sluice
D:5:      minmay_bubble_buster, layout_basic, serial_shops, shop,
          nicolae_figureground_pulse
Temple:   minmay_temple_bridge_d

Skill      XL: |  1  2  3  4  5  6  7  8 |
---------------+-------------------------+-----
Stealth        | 3 4 5 6 7 |  7.5
Dodging        | 3 4 5 |  5.2
Spellcasting   | 3 4 |  4.8
Conjurations   | 5 6 |  6.3

Action                     |  1- 3 |  4- 6 |  7- 9 || total
---------------------------+-------+-------+-------++-------
  Melee: Unarmed           |     2 |       |       ||     2
         Constrict         |     1 |       |       ||     1
         Staff             |       |       |     1 ||     1
         Tentacles         |       |       |     1 ||     1
   Cast: Magic Dart        |    37 |    53 |    63 ||   153
         Searing Ray       |       |    23 |    23 ||    46
         Foxfire           |       |       |    18 ||    18
    Use: Scroll            |       |     5 |       ||     5
 Armour: Skin              |       |     3 |     1 ||     4
  Dodge: Dodged            |     2 |    16 |    12 ||    30

Table legend: (Time is in decaauts)
 A = Elapsed time spent in this place.
 B = Non-inter-level travel time spent in this place.
 C = Inter-level travel time spent in this place.
 D = Time resting spent in this place.
 E = Time spent auto-exploring this place.
 F = Levels seen in this place.
 G = Mean time per level.
                   A        B        C        D        E       F      G
               +--------+--------+--------+--------+--------+-----+--------+
         Total |   5259 |   4966 |    293 |    364 |   3838 |   7 |  751.3 |
       Dungeon |   4540 |   4390 |    150 |    249 |   3544 |   5 |  908.0 |
        Temple |    149 |      6 |    143 |      0 |      2 |   1 |  149.0 |
         Sewer |    569 |    569 |      0 |    115 |    292 |   1 |  569.0 |
               +--------+--------+--------+--------+--------+-----+--------+

Top non-repeatable levels by time:
     D:5: 1101 daAuts
     D:4: 1036 daAuts
     D:2: 974 daAuts
     D:1: 797 daAuts
     D:3: 631 daAuts
   Sewer: 569 daAuts
  Temple: 149 daAuts
